 Dungeon Crawl Stone Soup version 0.29-a0-1030-gf5f8719cae (webtiles) character file.

Game seed: 4184268925368165731

21 27heaven the Shield-Bearer (level 3, 29/29 HPs)
             Began as a Formicid Fighter on Aug 14, 2022.
             Quit the game on level 1 of the Dungeon.
             The game lasted 00:01:21 (1384 turns).

27heaven the Shield-Bearer (Formicid Fighter)       Turns: 1384, Time: 00:01:22

Health: 29/29      AC:  6    Str: 22    XL:     3   Next: 2%
Magic:  3/3        EV:  9    Int:  7    God:
Gold:   12         SH:  0    Dex: 13    Spells: 2/2 levels left

rFire   . . .      SeeInvis +   a - +1 quarterstaff
rCold   . . .      Faith    .   (no shield)
rNeg    . . .      Spirit   .   f - +0 scale mail
rPois   .          Reflect  .   (helmet unavailable)
rElec   .          Harm     .   (no cloak)
rCorr   .          Rampage  .   (no gloves)
Will    .....                   (no boots)
Stlth   ..........              (no amulet)
HPRegen 0.09/turn               (no ring)
MPRegen 0.08/turn               (no ring)

@: no status effects
A: permanent stasis, dig shafts and tunnels, antennae 3, four strong arms
a: Dig, Shaft Self


You were on level 1 of the Dungeon.
You visited 1 branch of the dungeon, and saw 1 of its levels.

You collected 12 gold pieces.

Inventory:

Hand Weapons
 a - a +1 quarterstaff (weapon)
Armour
 f - a +0 scale mail (worn)
Scrolls
 d - a scroll of enchant weapon
 e - a scroll of fog {unknown}
Potions
 b - a potion of resistance {unknown}
 c - 2 potions of curing {unknown}


   Skills:
 - Level 3.2 Fighting
 + Level 3.2 Staves
 - Level 3.2 Armour
 - Level 4.0 Shields


You had 2 spell levels left.
You didn't know any spells.
Your spell library was empty.

Dungeon Overview and Level Annotations

Branches:
Dungeon (1/15)

Altars:


Innate Abilities, Weirdness & Mutations

You cannot be hasted, slowed, berserked, paralysed or teleported.
You can dig through walls and to a lower floor.
You have a pair of large antennae on your head. (SInv)
Your four strong arms can wield two-handed weapons with a shield.


Message History

The goblin is moderately wounded.
The goblin hits you with a +0 dagger.
You hit the goblin.
You kill the goblin!
The rat barely misses you.
You closely miss the rat. The rat bites you. The rat closely misses you.
You closely miss the rat. The rat barely misses you.
You sock the rat!
You kill the rat!
You have reached level 3!
Your experience leads to an increase in your attributes!
Increase (S)trength, (I)ntelligence, or (D)exterity?
You feel stronger. x2
You see here a +0 dagger.
A rat comes into view.
Found 7 gold pieces.
A rat is nearby!
A rat is nearby!
A rat is nearby!
You sock the rat!
You kill the rat!
No target in view!
No target in view!
You now have 12 gold pieces (gained 7).
e - a scroll labelled XIUSYE CAEV You see here a +0 scale mail.
Done exploring.
Done exploring.
Done exploring.
Search for what [? for help]? armor You see here a +0 scale mail.
f - a +0 scale mail You start putting on your armour.
You continue putting on your +0 scale mail. x4
You finish putting on your +0 scale mail.
As you read the scroll labelled OWNIAFF BEURU, it crumbles to dust.
It is a scroll of enchant weapon.
Your +0 quarterstaff glows red for a moment.
Unknown command.
Are you sure you want to abandon this character and quit the game? (Confirm with "yes".)

..........###.#..........#
.......######.#.......####
.......##.....#.......#
.......######.#....^..# .......#
#.#.....### .......# #.#######
......#######.......#
...........##.......#############
........>.......@................
.................................
.......###..........#.......#####
##.###.# #####......#.......#
#.)...# ########.......# #######
#.......# #.......# #####...#
#####


There were no monsters in sight!

Vanquished Creatures
  2 ball pythons (D:1)
  An endoplasm (D:1)
  A giant cockroach (D:1)
  4 goblins (D:1)
  3 jackals (D:1)
  2 kobolds (D:1)
  2 frilled lizards (D:1)
  4 rats (D:1)
19 creatures vanquished.

Notes
Turn   | Place    | Note
-------+----------+-------------------------------------------
     0 | D:1      | 27heaven the Formicid Fighter began the quest for the Orb.
     0 | D:1      | Reached XP level 1. HP: 18/18 MP: 1/1
   232 | D:1      | Reached XP level 2. HP: 20/24 MP: 2/2
  1172 | D:1      | Reached XP level 3. HP: 23/29 MP: 3/3
  1384 | D:1      | Quit the game

Illustrated notes

Levels and vault maps discovered:
D:1:      dpeg_arrival_round_c, layout_basic, minmay_tripent

Skill      XL: |  1  2 |
---------------+-------+-----
Staves         | 3 |  3.2
Fighting       | |  3.2
Armour         | |  3.2
Shields        | |  4.0

Action                   || total
-------------------------++-------
Melee: Quarterstaff      ||    51
  Use: Scroll            ||     1
 Stab: Sleeping          ||     2
Dodge: Dodged            ||    34

Table legend: (Time is in decaauts)
 A = Elapsed time spent in this place.
 B = Non-inter-level travel time spent in this place.
 C = Inter-level travel time spent in this place.
 D = Time resting spent in this place.
 E = Time spent auto-exploring this place.
 F = Levels seen in this place.
 G = Mean time per level.
                   A        B        C        D        E       F      G
               +--------+--------+--------+--------+--------+-----+--------+
         Total |   1392 |   1350 |     42 |      0 |   1197 |   1 | 1392.0 |
       Dungeon |   1392 |   1350 |     42 |      0 |   1197 |   1 | 1392.0 |
               +--------+--------+--------+--------+--------+-----+--------+

Top non-repeatable levels by time:
     D:1: 1392 daAuts
